cohdb
Replays
Latest Replays
All Replays
Popular Replays
Top Player Replays
Match Explorer
How It Works
Community
CoH3 Stats
Reddit
Sign in to upload your games and track your stats! →
Sign in with Steam
Match 44409558
Unlisted
Match 44409558
Overview
Messages
Build Orders
End
Construct Infanterie Kompanie
Pioneer Squad
MG 42 Machine Gun Team
Selects Breakthrough Battlegroup
Grenadier Squad
Grenadier Squad
Grenadier Squad
Medical Station
Selects 2.5-tonne Cargo Truck
Construct Panzergrenadier Kompanie
Panzergrenadier Squad
GrW 34 Mortar Team
Selects Assault Grenadiers
Selects Smoke Bombing Run
Pak 40 Anti-tank Gun Team
MG 42 Machine Gun Team
Selects Blitzkrieg
Selects Mechanized Assault Group
Mechanized Assault Group
Smoke Bombing Run
Construct Panzer Kompanie
Pioneer Squad
Enes
Jopjahh
0
0
Comments
sign in to comment!
No comments posted yet!